 Dungeon Crawl Stone Soup version 0.19-a0-734-ge18daf0 (webtiles) character file.

245 mistymad the Shooter (level 5, 0/46 HPs)
             Began as a Centaur Hunter on June 22, 2016.
             Slain by a hound (5 damage)
             ... on level 4 of the Dungeon.
             The game lasted 00:07:40 (4738 turns).

mistymad the Shooter (Centaur Hunter)               Turns: 4738, Time: 00:07:41

Health: 0/46       AC:  6    Str: 11 (14) XL:     5   Next: 83%
Magic:  5/5        EV:  9    Int: 15 (17) God:
Gold:   113        SH:  0    Dex:  8 (11) Spells: 2 memorised, 0 levels left

rFire  + + .     SeeInvis .     b - +0 short sword
rCold  + . .     Gourm    .     c - +0 leather armour
rNeg   . . .     Faith    .     (no shield)
rPois  +         Spirit   .     (no helmet)
rElec  +         Dismiss  .     (no cloak)
rCorr  +         Reflect  .     p - +1 pair of gloves
SustAt .         Harm     .     (no barding)
MR     .....                    (no amulet)
Stlth  ..........               (no ring)
                                (no ring)

@: brilliant, resistant, very quick, not resistant to hostile enchantments,
extremely unstealthy
A: hooves 3, clever 1, deformed body, fire resistance 1, speed 2, electricity
resistance, tough skin 3
a: no special abilities


You were on level 4 of the Dungeon.
You were hungry.

You visited 1 branch of the dungeon, and saw 4 of its levels.

You collected 113 gold pieces.

Inventory:

Hand Weapons
 a - a +1 shortbow
 b - a +0 short sword (weapon)
Missiles
 d - 42 arrows
Armour
 c - a +0 leather armour (worn)
 p - a +1 pair of gloves (worn)
Scrolls
 e - a scroll of noise {unknown}
 g - 4 scrolls of identify {unknown}
 h - 2 scrolls of fear {unknown}
 i - 2 scrolls of remove curse {unknown}
 l - a scroll of amnesia {unknown}
 o - a scroll of enchant armour {unknown}
Books
 r - a book of Minor Magic

   Spells                             Type                      Level
   a - Magic Dart                     Conjuration                  1
   b - Blink                          Translocation                2
   c - Call Imp                       Summoning                    2
   d - Repel Missiles                 Charms/Air                   2
   e - Slow                           Hexes                        2
   f - Conjure Flame                  Conjuration/Fire             3
   g - Mephitic Cloud                 Conjuration/Poison/Air       3
Comestibles
 f - 4 bread rations
 u - 2 chunks of flesh


   Skills:
 + Level 3.9 Fighting
 + Level 2.8 Short Blades
 + Level 6.9 Bows
 - Level 1.3 Dodging
 - Level 0.5 Stealth


You couldn't memorise any spells.
You knew the following spells:

 Your Spells              Type           Power        Failure   Level  Hunger
a - Blink                 Tloc           N/A          8%          2    ###....
b - Repel Missiles        Chrm/Air       #.....       8%          2    ###....


Dungeon Overview and Level Annotations

Branches:
Dungeon (4/15)
 Temple: D:4-7

Altars:
Cheibriados
Kikubaaqudgha


Innate Abilities, Weirdness & Mutations

You have hooves in place of feet.
Armour fits poorly on your strangely shaped body.
You cover ground very quickly.
You have extremely tough skin. (AC +3)
Your mind is acute. (Int +2)
Your flesh is heat resistant. (rF+)
You are resistant to electric shocks. (rElec)


Message History

The hound bites you but does no damage.
The giant gecko skeleton bites you but does no damage.
Unknown command.
As you read the scroll labeled EPHE OSAVE, it crumbles to dust.
The scroll dissolves into smoke.
It was a scroll of fog.
The hound closely misses you.
The giant gecko skeleton bites you but does no damage.
The hound pauses to sniff the ground.
The hound closely misses you.
Wield which item (- for none, * to show all)? (? for menu, Esc to quit)
Okay, then.
As you read the scroll labeled OBUFEL GEUGUJ, it crumbles to dust.
It is a scroll of recharging.
You aren't carrying any rechargeable items.
The hound bites you but does no damage.
The giant gecko skeleton bites you but does no damage.
As you read the scroll labeled GYUPLE WOXURIA, it crumbles to dust.
The dust glows dull azure!
It was a scroll of random uselessness.
The hound bites you.
You die...

#.# #.##..#######
#.#####............
#.##.........######
.. #.##.##...#
....#...# ###
.##......####.## #
#...).......#.# o#
##.....§####.###(##
##.##.§Z@h{)(#(o.#
#. ##§####.(.# #.
#.# #..#(..# #.#
#..#.#..... ..#
#..... .... ..#
###.#.# ##. ####
#... ####


You could see a hound and a giant gecko skeleton.

Vanquished Creatures
  An orc wizard (D:3)
  9 adders
  A worm (D:3)
  5 dart slugs
  4 giant geckos
  17 orcs
  A ball python (D:3)
  9 bats
  8 giant cockroaches
  8 goblins
  5 hobgoblins
  4 jackals (D:2)
  3 quokkas
  3 giant newts
  12 kobolds
  10 rats
100 creatures vanquished.

Notes
Turn   | Place    | Note
--------------------------------------------------------------
     0 | D:1      | mistymad the Centaur Hunter began the quest for the Orb.
     0 | D:1      | Reached XP level 1. HP: 17/17 MP: 1/1
   516 | D:1      | Reached skill level 1 in Short Blades
   516 | D:1      | Reached XP level 2. HP: 17/24 MP: 2/2
  1138 | D:1      | Reached XP level 3. HP: 23/30 MP: 3/3
  1271 | D:2      | Reached skill level 6 in Bows
  1552 | D:2      | Found an ancient bone altar of Kikubaaqudgha.
  2108 | D:2      | Reached XP level 4. HP: 34/37 MP: 4/4
  2296 | D:2      | Found a snail-covered altar of Cheibriados.
  2996 | D:3      | Reached XP level 5. HP: 20/45 MP: 5/5
  4139 | D:3      | Learned a level 2 spell: Blink
  4142 | D:3      | Learned a level 2 spell: Repel Missiles
  4733 | D:4      | Gained mutation: Your flesh is heat resistant. (rF+) [potion of mutation]
  4733 | D:4      | Gained mutation: Your mind is acute. (Int +2) [potion of mutation]
  4733 | D:4      | Gained mutation: You are resistant to electric shocks. (rElec) [potion of mutation]
  4738 | D:4      | Slain by a hound

Vault maps used:
D:1:      dpeg_arrival_pond, minmay_box_of_dots
D:2:      kiku_gazebo_pond_becter, kennysheep_slug_shrine
D:3:      first_bread
D:4:      johnstein_pakellas_death_squad

Skill      XL: |  1  2  3  4 |
---------------+-------------+-----
Short Blades   | 1 2 |  2.8
Bows           | 6 |  6.9
Fighting       | 3 |  3.9
Dodging        | |  1.3
Stealth        | |  0.5

Action                   |  1- 3 |  4- 6 || total
-------------------------+-------+-------++-------
Melee: Short sword       |   188 |   219 ||   407
       Kick              |    29 |    49 ||    78
 Fire: Shortbow          |     2 |    38 ||    40
  Use: Potion            |       |     5 ||     5
       Scroll            |       |     3 ||     3
  Eat: Chunk             |     2 |     8 ||    10
Armor: Leather armour    |    75 |   103 ||   178
Dodge: Dodged            |    97 |    87 ||   184
